 Dungeon Crawl Stone Soup version 0.25-a0-464-g3004169c2b (webtiles) character file.

Game seed: 6718481805012507965, levelgen mode: deterministic

198 sking99 the Conjurer (level 5, 0/28 HPs)
             Began as a Tengu Conjurer on Feb 5, 2020.
             Slain by a gnoll (7 damage)
             ... on level 3 of the Dungeon.
             The game lasted 00:07:21 (3749 turns).

sking99 the Conjurer (Tengu Conjurer)               Turns: 3749, Time: 00:07:21

Health: 0/28       AC:  2    Str: 10    XL:     5   Next: 77%
Magic:  8/10       EV: 16    Int: 15    God:
Gold:   97         SH:  0    Dex: 14    Spells: 3/9 levels left

rFire    . . .     SeeInvis .   (no weapon)
rCold    . . .     Gourm    .   (no shield)
rNeg     . . .     Faith    .   a - +0 robe
rPois    .         Spirit   .   (helmet restricted)
rElec    .         Reflect  .   (no cloak)
rCorr    .         Harm     .   (no gloves)
MR       .....                  (boots unavailable)
Stlth    ++........             (no amulet)
HPRegen  0.09/turn              (no ring)
MPRegen  0.12/turn              (no ring)

@: flying quickly and evasively, quick
A: beak, talons 3, able to fly
a: Stop Flying


You were on level 3 of the Dungeon.
You were not hungry.

You visited 1 branch of the dungeon, and saw 4 of its levels.

You collected 97 gold pieces.

Inventory:

Missiles
 k - 15 poisoned darts (quivered)
Armour
 a - a +0 robe (worn)
Jewellery
 f - an uncursed ring of protection from magic
Scrolls
 d - a scroll of magic mapping {unknown}
 h - 2 scrolls of blinking {unknown}
 i - a scroll of teleportation {unknown}
 j - 2 scrolls of identify {unknown}
Potions
 b - a potion of mutation {unknown}
 e - a potion of cancellation {unknown}
 g - a potion of flight {unknown}
 m - 2 potions of curing {unknown}
Comestibles
 c - 7 rations


   Skills:
 + Level 3.3 Dodging
 + Level 3.2 Stealth
 + Level 2.9 Spellcasting
 * Level 7.0 Conjurations


You had 3 spell levels left.
You knew the following spells:

 Your Spells              Type           Power        Failure   Level  Hunger
a - Magic Dart            Conj           ###.         1%          1    #......
b - Searing Ray           Conj           ###...       1%          2    ##.....
c - Dazzling Flash        Conj/Hex       ##....       14%         3    ###....

Your spell library contained the following spells:

 Spells                   Type           Power        Failure   Level  Hunger
 Fulminant Prism          Conj/Hex       ##........   43%         4    #####..
 Iskenderun's Mystic Bla  Conj/Tloc      ##......     43%         4    #####..


Dungeon Overview and Level Annotations

Branches:
Dungeon (4/15)
 Temple: D:4-7

Altars:

Annotations:
D:4 Blork the orc, Sigmund


Innate Abilities, Weirdness & Mutations

You have a beak for a mouth.
You have claws for feet.
You can fly continuously.


Message History

You fly upwards.
There is a stone staircase leading down here.
The gnoll completely misses you.
All of the chunks of flesh in your inventory have rotted away.
Casting: Magic Dart (safe; 1% risk of failure)
Confirm with . or Enter, or press ? or * to list all spells.
Aiming: Magic Dart (safe; 1% risk of failure)
Press: ? - help, Shift-Dir - straight line, f - gnoll
Aim: a gnoll The magic dart hits the gnoll.
The gnoll is heavily wounded.
Casting: Magic Dart (safe; 1% risk of failure)
Confirm with . or Enter, or press ? or * to list all spells.
Aiming: Magic Dart (safe; 1% risk of failure)
Press: ? - help, Shift-Dir - straight line, f/p - gnoll
Aim: a gnoll (heavily wounded)
The magic dart hits the gnoll.
The gnoll is almost dead.
The gnoll hits you!
You die...

.......##..#
#####..........##
....##.....#
####........#####.##
....#####..###....#####..##
#... ....# ##..##.####
#...####### ....#
####.....# #..........
....###........#
###.#######
.....#..##.###g###### #.# #
.......###.###.g....## #.#
# ....#....#..#...@..(.#
#.# #
....>....).<.........####.#
##
.####..##...#.............#
#.
......####..#############.#
#. ####### #...##### ### #.
##......# #. #......# ##
#......# #......#


You could see 2 gnolls.

Vanquished Creatures
  An orc priest (D:3)
  Robin (D:2)
  4 adders
  2 gnolls (D:3)
  2 oozes
  2 worms
  3 dart slugs
  2 leopard geckos
  2 orcs (D:3)
  6 bats
  A giant cockroach (D:1)
  16 goblins
  12 hobgoblins
  2 jackals (D:1)
  A quokka (D:3)
  3 frilled lizards
  12 kobolds
  9 rats
81 creatures vanquished.

Notes
Turn   | Place    | Note
-------+----------+-------------------------------------------
     0 | D:1      | sking99 the Tengu Conjurer began the quest for the Orb.
     0 | D:1      | Reached XP level 1. HP: 10/10 MP: 4/4
   204 | D:1      | Reached XP level 2. HP: 15/15 MP: 1/6
   812 | D:1      | Reached XP level 3. HP: 19/19 MP: 3/7
   988 | D:1      | Learned a level 2 spell: Searing Ray
  1350 | D:2      | Learned a level 3 spell: Dazzling Flash
  1356 | D:2      | Reached skill level 6 in Conjurations
  1472 | D:2      | Reached XP level 4. HP: 24/24 MP: 4/8
  1475 | D:2      | Noticed Robin
  1853 | D:2      | Killed Robin
  2492 | D:2      | Gained mutation: You can fly continuously. [Tengu growth]
  2492 | D:2      | Reached XP level 5. HP: 28/28 MP: 5/10
  2932 | D:3      | Found a faded altar of an unknown god.
  3467 | D:4      | Noticed Blork the orc
  3619 | D:4      | Noticed Sigmund
  3619 | D:4      | Noticed an ogre
  3624 | D:3      | Reached skill level 7 in Conjurations
  3749 | D:3      | Slain by a gnoll

Levels and vault maps discovered:
D:1:      lemuel_arrival_rhombus, layout_loops_ring
D:2:      layout_basic, uniq_robin
D:3:      layout_rooms, chequers_ecumenical_altar_lobes, first_ration
D:4:      layout_rooms, uniq_sigmund, uniq_blork_the_orc, uniq_natasha

Skill      XL: |  1  2  3  4  5 |
---------------+----------------+-----
Conjurations   | 6 7 |  7.0
Dodging        | 3 |  3.3
Stealth        | 3 |  3.2
Spellcasting   | |  2.9

Action                   |  1- 3 |  4- 6 || total
-------------------------+-------+-------++-------
Melee: Unarmed           |       |     2 ||     2
 Cast: Magic Dart        |    76 |    86 ||   162
       Searing Ray       |     1 |     6 ||     7
 Abil: Fly               |       |     1 ||     1
  Eat: Chunk             |     3 |     8 ||    11
Armor: Robe              |       |     2 ||     2
Dodge: Dodged            |     7 |    33 ||    40

Table legend:
 A = Non-vault XP
 B = Vault XP
 C = Vault XP percentage of total XP
 D = Non-vault monster count
 E = Vault monster count
 F = Vault count percentage of total count
                 A         B        C        D         E       F
            +---------+---------+-------+---------+---------+-------
      Total |     245 |      39 |  13.7 |      68 |      13 |  16.0
            +---------+---------+-------+---------+---------+-------
        D:1 |      55 |       2 |   3.5 |      28 |       1 |   3.4
        D:2 |      83 |      37 |  30.8 |      24 |      12 |  33.3
        D:3 |     107 |       0 |   0.0 |      16 |       0 |   0.0
            +---------+---------+-------+---------+---------+-------
